 Dungeon Crawl Stone Soup version 0.26-a0-43-g20b394c (webtiles) character file.

Game seed: 146167576028108916

193 Firecrotchwizard the Conjurer (level 5, -6/38 HPs)
             Began as a Draconian Conjurer on June 3, 2020.
             Killed by nerve-wracking pain
             ... invoked by Grinder
              (10 damage)
             ... on level 3 of the Dungeon.
             The game lasted 00:06:57 (2675 turns).

Firecrotchwizard the Conjurer (Draconian Conjurer)  Turns: 2675, Time: 00:06:57

Health: -6/38      AC:  5    Str: 10    XL:     5   Next: 44%
Magic:  3/11       EV: 12    Int: 17    God:
Gold:   133        SH:  0    Dex: 11    Spells: 9/12 levels left

rFire    . . .     SeeInvis .   t - +0 spear (vorpal)
rCold    . . .     Gourm    .   (no shield)
rNeg     . . .     Faith    .   (armour unavailable)
rPois    .         Spirit   .   (helmet restricted)
rElec    .         Reflect  .   (no cloak)
rCorr    .         Harm     .   (no gloves)
MR       .....                  (no boots)
Stlth    ++........             (no amulet)
HPRegen  0.12/turn              (no ring)
MPRegen  0.12/turn              (no ring)

@: no status effects
A: unfitting armour, cold-blooded, AC +5
a: no special abilities


You were on level 3 of the Dungeon.
You were not hungry.

You visited 1 branch of the dungeon, and saw 3 of its levels.

You collected 133 gold pieces.

Inventory:

Hand Weapons
 c - a +0 dagger
   (You took it off a goblin on level 1 of the Dungeon)
 n - a +1 vampiric dagger {!w}
   (You took it off a goblin on level 1 of the Dungeon)
 t - a +0 vorpal spear (weapon)
   (You took it off a gnoll on level 3 of the Dungeon)
Missiles
 j - 4 curare-tipped darts
 p - a throwing net {=f, !d}
Scrolls
 a - a scroll of teleportation {unknown}
 g - a scroll of fear {unknown}
 h - 2 scrolls of amnesia {unknown}
 i - 2 scrolls of immolation {unknown}
 k - 2 scrolls of enchant armour {unknown}
 l - 2 scrolls of remove curse {unknown}
Potions
 d - a potion of ambrosia {unknown}
 e - a potion of invisibility {unknown}
 f - a potion of haste {unknown}
 m - a potion of resistance {unknown}
 o - a potion of magic {unknown}
 q - a potion of lignification {unknown}
 s - a potion of might {unknown}
Comestibles
 b - 3 rations
 r - 3 chunks of flesh {@w0}


   Skills:
 - Level 1.7 Dodging
 - Level 1.7 Stealth
 + Level 4.0 Spellcasting
 + Level 5.5 Conjurations


You had 9 spell levels left.
You knew the following spells:

 Your Spells              Type           Power        Failure   Level  Hunger
a - Magic Dart            Conj           ###.         1%          1    None
b - Searing Ray           Conj           ###...       2%          2    ##.....

Your spell library contained the following spells:

 Spells                   Type           Power        Failure   Level  Hunger
 Dazzling Flash           Conj/Hex       ##....       16%         3    ###....
 Fulminant Prism          Conj/Hex       ##........   45%         4    ####...
 Iskenderun's Mystic Bla  Conj/Tloc      ##......     45%         4    ####...


Dungeon Overview and Level Annotations

Branches:
Dungeon (3/15)

Altars:
Qazlal
Trog

Annotations:
D:3 Grinder


Innate Abilities, Weirdness & Mutations

Your plain brown scales are hard. (AC +5)
You cannot fit into any form of body armour.
You are cold-blooded and may be slowed by cold attacks.


Message History

The magic dart hits the gnoll.
You now have 8/10 mp.
Aim: a gnoll, wielding a +0 vorpal spear (almost dead)
The magic dart hits the gnoll.
You kill the gnoll!
You now have 7/10 mp.
You see here a +0 vorpal spear.
t - a +0 vorpal spear You feel the dreadful sensation subside.
t - a +0 vorpal spear (weapon)
You start resting.
MP restored: 10 The hobgoblin is too close now for your liking.
The hobgoblin shouts!
The hobgoblin throws a stone.
The stone misses you.
The hobgoblin throws a stone.
The stone closely misses you.
You completely miss the hobgoblin. The hobgoblin barely misses you.
Some of the chunks of flesh in your inventory have rotted away.
You hit the hobgoblin but do no damage.
The hobgoblin hits you but does no damage.
You hit the hobgoblin.
You kill the hobgoblin!
No target in view!
Things that are here:
a cursed +0 club; 25 stones; a hobgoblin corpse You butcher the hobgoblin corpse.
r - 5 chunks of flesh {@w0} (gained 3)
Things that are here:
a cursed +0 club; 25 stones; a hobgoblin skeleton
Things that are here:
a cursed +0 club; 25 stones; a hobgoblin skeleton You now have 125 gold pieces (gained 12).
A hobgoblin comes into view. It is wielding a +0 club.
Aim: a jelly (wandering, hasn't noticed you)
The magic dart hits the jelly.
The jelly quivers.
The hobgoblin shouts!
You now have 9/10 mp.
Aim: a jelly (lightly wounded)
Okay, then.
Aim: a jelly (lightly wounded)
The searing ray hits the jelly! (Press . to maintain the ray.)
You now have 7/10 mp.
The searing ray hits the jelly!
You kill the jelly!
Your Spellcasting skill increases to level 4!
You now have 6/11 mp.
Aim: a hobgoblin, wielding a +0 club The magic dart hits the hobgoblin.
You now have 5/11 mp.
Attack whom?
Aim: a hobgoblin, wielding a +0 club (almost dead)
You reach to attack!
You hit the hobgoblin but do no damage. You hit the hobgoblin but do no damage.
The hobgoblin hits you with a +0 club.
You take 3 damage, and have 35/38 hp.
You barely miss the hobgoblin. The hobgoblin barely misses you.
You barely miss the hobgoblin.
The hobgoblin hits you but does no damage.
You hit the hobgoblin.
You kill the hobgoblin!
No target in view!
No target in view!
You start resting.
Health restored: 38; MP restored: 11 You now have 133 gold pieces (gained 8).
Grinder comes into view.
You start waiting.
Grinder is too close now for your liking.
Aim: Grinder The searing ray hits Grinder. (Press . to maintain the ray.)
You now have 9/11 mp.
The searing ray hits Grinder!
You now have 8/11 mp.
The searing ray hits Grinder.
Grinder hits you.
You writhe in agony.
You take 5 damage, and have 33/38 hp.
You now have 7/11 mp.
The searing ray hits Grinder.
You finish channeling your searing ray.
Grinder closely misses you.
You now have 6/11 mp.
Grinder hits you!
You writhe in agony.
You take 13 damage, and have 20/38 hp.
MASSIVE DAMAGE!!
Grinder hits you.
You writhe in agony.
You take 8 damage, and have 12/38 hp.
MASSIVE DAMAGE!!
Aim: Grinder (heavily wounded)
The searing ray hits Grinder. (Press . to maintain the ray.) Grinder gestures at you.
Pain shoots through your body!
* * * LOW HITPOINT WARNING * * *
Some of the chunks of flesh in your inventory have rotted away.
You take 8 damage, and have 4/38 hp.
MASSIVE DAMAGE!!
You now have 4/11 mp.
The searing ray misses Grinder.
Grinder gestures at you. Pain shoots through your body!
You die...

....................
........................
...................)....
.................<......
........................
.............)......####
..............#........#
.............##.#.##.#.#
..#@........#.# ...#
##5..######.# ...#
#.#...# #.# ....
...###.# ..# .. ......
..# ). . ........ .# .
..5...... .# . .........
. . .........$


You could see Grinder.

Vanquished Creatures
  A jelly (D:3)
  Natasha (D:3)
  An orc wizard (D:3)
  A gnoll (D:3)
  4 adders
  5 dart slugs
  2 leopard geckos
  3 orcs
  A giant cockroach (D:1)
  6 goblins
  7 hobgoblins
  2 jackals
  2 quokkas (D:2)
  5 bats
  5 frilled lizards
  8 kobolds
  A rat (D:1)
55 creatures vanquished.

Notes
Turn   | Place    | Note
-------+----------+-------------------------------------------
     0 | D:1      | Firecrotchwizard the Draconian Conjurer began the quest for
                  | the Orb.
     0 | D:1      | Reached XP level 1. HP: 14/14 MP: 3/3
   173 | D:1      | Reached XP level 2. HP: 20/20 MP: 0/5
   911 | D:2      | Found a bloodstained altar of Trog.
   932 | D:2      | Reached XP level 3. HP: 21/26 MP: 7/7
  1060 | D:2      | Reached skill level 3 in Spellcasting
  1469 | D:2      | Learned a level 2 spell: Searing Ray
  1479 | D:2      | Reached XP level 4. HP: 33/33 MP: 8/8
  1554 | D:2      | Found a stormy altar of Qazlal.
  1800 | D:2      | HP: 8/33 [orc/+0 club (5)]
  2099 | D:3      | Noticed Natasha
  2244 | D:3      | Reached skill level 5 in Conjurations
  2364 | D:3      | Killed Natasha
  2364 | D:3      | Reached XP level 5. HP: 34/38 MP: 6/10
  2610 | D:3      | Reached skill level 4 in Spellcasting
  2662 | D:3      | Noticed Grinder
  2674 | D:3      | HP: 4/38 [Grinder/nerve-wracking pain (8)]
  2675 | D:3      | Killed from afar by Grinder

Illustrated notes

Levels and vault maps discovered:
D:1:      dpeg_arrival_concentric_ovals, layout_rooms,
          chequers_serial_rivers_micro_e, kennysheep_small_spiral
D:2:      layout_rooms, nicolae_overflow_crystal_walls, lemuel_doored_altar
D:3:      layout_rooms, lemuel_coloured_pillars_altar, minmay_rat_hole,
          uniq_crazy_yiuf_cottage, uniq_natasha, uniq_grinder

Skill      XL: |  1  2  3  4  5 |
---------------+----------------+-----
Spellcasting   | 3 4 |  4.0
Conjurations   | 5 |  5.5
Dodging        | |  1.7
Stealth        | |  1.7

Action                   |  1- 3 |  4- 6 || total
-------------------------+-------+-------++-------
Melee: Dagger            |    61 |    36 ||    97
       Tailslap          |     5 |     3 ||     8
       Spear             |       |     8 ||     8
 Cast: Magic Dart        |    42 |    38 ||    80
       Searing Ray       |       |     4 ||     4
 Stab: Sleeping          |     1 |     1 ||     2
  Eat: Chunk             |     2 |     4 ||     6
Armor: Skin              |    17 |    11 ||    28
Dodge: Dodged            |    40 |    37 ||    77

Table legend:
 A = Non-vault XP
 B = Vault XP
 C = Vault XP percentage of total XP
 D = Non-vault monster count
 E = Vault monster count
 F = Vault count percentage of total count
                 A         B        C        D         E       F
            +---------+---------+-------+---------+---------+-------
      Total |     241 |      36 |  13.0 |      54 |       1 |   1.8
            +---------+---------+-------+---------+---------+-------
        D:1 |      37 |       0 |   0.0 |      19 |       0 |   0.0
        D:2 |      81 |       0 |   0.0 |      23 |       0 |   0.0
        D:3 |     123 |      36 |  22.6 |      12 |       1 |   7.7
            +---------+---------+-------+---------+---------+-------

Levels and vault maps discovered:
D:1:      dpeg_arrival_concentric_ovals, layout_rooms,
          chequers_serial_rivers_micro_e, kennysheep_small_spiral
D:2:      layout_rooms, nicolae_overflow_crystal_walls, lemuel_doored_altar
D:3:      layout_rooms, lemuel_coloured_pillars_altar, minmay_rat_hole,
          uniq_crazy_yiuf_cottage, uniq_natasha, uniq_grinder

Table legend:
 A = Turns spent in this place as a percentage of turns spent in the entire game.
 B = Non-inter-level travel turns spent in this place as a percentage of non-inter-level travel turns spent in the entire game.
 C = Inter-level travel turns spent in this place as a percentage of turns spent in this place.
 D = Turns resting spent in this place as a percentage of non-inter-level travel turns spent in this place.
 E = Turns spent auto-exploring this place as a percentage of non-inter-level travel turns spent in this place.
 F = Non-inter-level travel turns spent in this place divided by the number of levels of this place that you've seen.
                   A       B       C       D       E      F
               +-------+-------+-------+-------+-------+----------------------
         Total | 100.0 | 100.0 |   5.2 |  47.3 |  33.2 | 845.7
       Dungeon | 100.0 | 100.0 |   5.2 |  47.3 |  33.2 | 845.7
               +-------+-------+-------+-------+-------+----------------------

Table legend:
 A = Kills in this place as a percentage of kills in entire the game.
 B = Kills by you in this place as a percentage of kills by you in the entire game.
 C = Kills by friends in this place as a percentage of kills by friends in the entire game.
 D = Other kills in this place as a percentage of other kills in the entire game.
 E = Experience gained in this place as a percentage of experience gained in the entire game.
 F = Experience gained in this place divided by the number of levels of this place that you have seen.
                   A       B       C       D       E      F
               +-------+-------+-------+-------+-------+----------------------
         Total | 100.0 | 100.0 |   N/A |   N/A | 100.0 |  92.3
       Dungeon | 100.0 | 100.0 |   N/A |   N/A | 100.0 |  92.3
               +-------+-------+-------+-------+-------+----------------------
